 Dungeon Crawl Stone Soup version 0.30-a0-335-ge5acde7520 (webtiles) character file.

Game seed: 5032598226216562653

1344 gruber the Chiller (level 8, -9/58 HPs)
             Began as a Gnoll Ice Elementalist on Oct 30, 2022.
             Was an Initiate of Gozag.
             Mangled by Menkaure (19 damage)
             ... on level 7 of the Dungeon.
             The game lasted 00:06:44 (5535 turns).

gruber the Chiller (Gnoll Ice Elementalist)         Turns: 5535, Time: 00:06:44

Health: -9/58      AC:  6    Str:  7    XL:     8   Next: 62%
Magic:  13/17      EV: 14    Int: 17    God:    Gozag
Gold:   231        SH:  0    Dex: 13    Spells: 8/19 levels left

rFire   . . .      SeeInvis +    x - +6 whip of Debe {drain, SInv}
rCold   . . .      Faith    .    (no shield)
rNeg    . . .      Spirit   .    a - +0 robe
rPois   .          Reflect  .    (no helmet)
rElec   .          Harm     .    (no cloak)
rCorr   .          Rampage  .    (no gloves)
Will    .....                    (no boots)
Stlth   +++.......               (no amulet)
HPRegen 0.29/turn                k - +4 ring of protection
MPRegen 0.15/turn                s - ring of wizardry

@: no status effects
A: fangs 1, strong nose, distributed training
a: Renounce Religion, Potion Petition, Call Merchant, Bribe Branch


You were on level 7 of the Dungeon.
You worshipped Gozag.
Gozag was aware of your devotion.
You visited 1 branch of the dungeon, and saw 7 of its levels.

You collected 304 gold pieces.
You paid 73 gold pieces to Gozag.

Inventory:

Hand Weapons
 g - a +0 sling
 i - a +4 dagger
 x - the +6 whip of Debe (weapon) {drain, SInv}
   (You found it on level 6 of the Dungeon)

   A truly terrible weapon, it drains the life of any living foe it strikes.
   SInv:      It lets you see invisible.
Missiles
 r - 5 curare-tipped darts
Armour
 a - a +0 robe (worn)
Jewellery
 k - a +4 ring of protection (left hand)
 s - a ring of wizardry (right hand)
 t - a +6 ring of dexterity
Scrolls
 e - 6 scrolls of identify {unknown}
 l - a scroll of enchant armour {unknown}
 m - a scroll of magic mapping {unknown}
 n - a scroll of fear {unknown}
 p - 4 scrolls of poison {unknown}
 v - a scroll of brand weapon {unknown}
 w - 3 scrolls of teleportation {unknown}
 y - a scroll of torment {unknown}
Potions
 b - a potion of magic
 c - 2 potions of might {unknown}
 d - a potion of resistance {unknown}
 f - 2 potions of brilliance {unknown}
 h - 3 potions of heal wounds {unknown}
 j - 4 potions of curing {unknown}
 o - a potion of berserk rage {unknown}
 q - 3 potions of degeneration {unknown}
 u - 3 potions of lignification {unknown}


   Skills:
 + Level 3.5 Fighting
 + Level 3.5 Short Blades
 + Level 3.5 Long Blades
 + Level 3.5 Axes
 + Level 3.5 Maces & Flails
 + Level 3.5 Polearms
 + Level 3.5 Staves
 + Level 3.5 Ranged Weapons
 + Level 3.5 Throwing
 + Level 3.5 Armour
 + Level 5.9 Dodging
 + Level 5.5 Stealth
 + Level 3.5 Shields
 + Level 3.5 Unarmed Combat
 + Level 6.2 Spellcasting
 + Level 2.9 Conjurations
 + Level 2.9 Hexes
 + Level 2.9 Summonings
 + Level 2.9 Necromancy
 + Level 2.9 Translocations
 + Level 2.9 Transmutations
 + Level 2.9 Fire Magic
 + Level 7.7 Ice Magic
 + Level 2.9 Air Magic
 + Level 2.9 Earth Magic
 + Level 2.9 Poison Magic
 + Level 3.9 Invocations
 + Level 3.5 Evocations


You had 8 spell levels left.
You knew the following spells:

 Your Spells              Type           Power      Damage    Failure   Level
a - Freeze                Ice            100%       1d10      1%          1
b - Frozen Ramparts       Ice            62%        1d10      1%          3
c - Ozocubu's Armour      Ice            31%        N/A       1%          3
d - Summon Ice Beast      Ice/Summ       23%        N/A       6%          4

Your spell library contained the following spells:

 Spells                   Type           Power      Damage    Failure   Level
 Portal Projectile        Hex/Tloc       30%        N/A       4%          3
 Tukima's Dance           Hex            15%        N/A       4%          3
 Animate Armour           Summ/Erth      30%        N/A       16%         4
 Blade Hands              Tmut           7%         N/A       38%         5
 Ozocubu's Refrigeration  Ice            15%        4d10      83%         7
 Iron Shot                Conj/Erth      7%         9d2       89%         6


Dungeon Overview and Level Annotations

Branches:
Dungeon (7/15)             Temple (0/1) D:7

Altars:
Ashenzari
Gozag
Makhleb
Nemelex Xobeh

Shops:
D:1 :   D:4 =

Annotations:
D:7 Menkaure


Innate Abilities, Weirdness & Mutations

You have very sharp teeth.
Your uncanny sense of smell can sniff out nearby items.
Your experience applies equally to all skills.


Message History

You whack the necrophage!
The necrophage is moderately damaged.
The necrophage barely misses you.
Your ice beast misses the necrophage.
You whack the necrophage!
The necrophage is heavily damaged.
The necrophage barely misses you.
You hit the necrophage.
The necrophage is severely damaged.
Your ice beast hits the necrophage.
Your ice beast freezes the necrophage.
The necrophage resists.
The necrophage hits your ice beast but does no damage.
You hit the necrophage.
You destroy the necrophage!
No target in view!
Your ice beast disappears in a puff of smoke!
Menkaure, Prince of Dust comes into view.
You see here 4 gold pieces.
Menkaure is nearby!
Menkaure calls on the powers of darkness!
Your body is wracked with pain!
Casting: Summon Ice Beast (dangerous; 6% risk of failure)
Confirm with . or Enter, or press ? or * to list all spells.
A chill wind blows around you.
Menkaure hums a few words.
Menkaure calls on the powers of darkness!
Your body is wracked with pain!
* * * LOW HITPOINT WARNING * * *
Your ice beast convulses!
Menkaure calls on the powers of darkness!
Your body is wracked with pain!
* * * LOW HITPOINT WARNING * * *
Your ice beast convulses!
You are too injured to fight recklessly!
You hit Menkaure.
Menkaure is moderately damaged.
You hit Menkaure.
Menkaure is heavily damaged.
Menkaure hits you!!
You die...
Your body crumbles into a pile of gold.

###....##.#......#
..#.8.#...#......#
.......##........#
..8.>.8.##?......#
............$.######
..#.8.#######......#
......# #....#.#
.....##
######Y>#.####
....##
#......M@.....#
....#
#.######..##..#
....# ..... # #####
#.##.... ..### #.
....# #...# .. ....#
..#.# #. ##.# ..#<#
.. .# .####


You could see Menkaure (ally target) and a friendly ice beast (summoned).

Vanquished Creatures
  2 water moccasins
  A black bear (D:4)
  An ogre (D:5)
  2 phantoms
  A bullfrog (D:7)
  2 necrophages
  A scorpion (D:5)
  4 hounds
  2 iguanas (D:5)
  3 iron imps (D:3)
  2 orc wizards (D:3)
  3 gnolls (D:4)
  11 adders
  A white imp (D:6)
  An ufetubus (D:5)
  2 worms
  2 dart slugs
  15 orcs
  9 ball pythons
  8 endoplasms
  4 giant cockroaches
  8 goblins
  4 hobgoblins
  8 jackals
  7 kobolds
  2 quokkas
  8 bats
  3 frilled lizards (D:1)
  7 rats
124 creatures vanquished.

Notes
Turn   | Place    | Note
-------+----------+-------------------------------------------
     0 | D:1      | gruber the Gnoll Ice Elementalist began the quest for the
                  | Orb.
     0 | D:1      | Reached XP level 1. HP: 13/13 MP: 6/6
   193 | D:1      | Reached XP level 2. HP: 19/19 MP: 5/7
   507 | D:1      | Reached skill level 5 in Spellcasting
   507 | D:1      | Reached XP level 3. HP: 25/25 MP: 0/9
   881 | D:1      | Reached skill level 1 in Invocations
   959 | D:1      | Found Xenot's Book Shop.
  1253 | D:2      | Reached skill level 1 in Fighting
  1253 | D:2      | Reached skill level 1 in Short Blades
  1253 | D:2      | Reached skill level 1 in Long Blades
  1253 | D:2      | Reached skill level 1 in Axes
  1253 | D:2      | Reached skill level 1 in Maces & Flails
  1253 | D:2      | Reached skill level 1 in Polearms
  1253 | D:2      | Reached skill level 1 in Staves
  1253 | D:2      | Reached skill level 1 in Ranged Weapons
  1253 | D:2      | Reached skill level 1 in Throwing
  1253 | D:2      | Reached skill level 1 in Armour
  1253 | D:2      | Reached skill level 1 in Shields
  1253 | D:2      | Reached skill level 1 in Unarmed Combat
  1253 | D:2      | Reached skill level 1 in Evocations
  1445 | D:2      | Reached XP level 4. HP: 32/32 MP: 7/11
  1733 | D:2      | Reached skill level 1 in Conjurations
  1733 | D:2      | Reached skill level 1 in Hexes
  1733 | D:2      | Reached skill level 1 in Summonings
  1733 | D:2      | Reached skill level 1 in Necromancy
  1733 | D:2      | Reached skill level 1 in Translocations
  1733 | D:2      | Reached skill level 1 in Transmutations
  1733 | D:2      | Reached skill level 1 in Fire Magic
  1733 | D:2      | Reached skill level 1 in Air Magic
  1733 | D:2      | Reached skill level 1 in Earth Magic
  1733 | D:2      | Reached skill level 1 in Poison Magic
  1916 | D:3      | Learned a level 3 spell: Frozen Ramparts
  1920 | D:3      | Learned a level 3 spell: Ozocubu's Armour
  2155 | D:3      | Reached XP level 5. HP: 37/37 MP: 8/12
  2386 | D:3      | Found a burning altar of Makhleb.
  2584 | D:3      | Reached XP level 6. HP: 19/44 MP: 9/13
  2701 | D:4      | Reached skill level 5 in Dodging
  2740 | D:4      | Found Digixt's Jewellery Shoppe.
  2876 | D:4      | Found a broken altar of Ashenzari.
  2947 | D:4      | Noticed a water moccasin
  2953 | D:4      | Killed a water moccasin
  2954 | D:4      | Reached XP level 7. HP: 49/50 MP: 9/15
  3273 | D:4      | Learned a level 4 spell: Summon Ice Beast
  3627 | D:5      | Entered Level 5 of the Dungeon
  3703 | D:5      | Reached skill level 5 in Stealth
  4477 | D:5      | Reached XP level 8. HP: 58/58 MP: 11/16
  4682 | D:6      | Found a sparkling altar of Nemelex Xobeh.
  4720 | D:6      | Identified the +6 whip of Debe {drain, SInv}
  4728 | D:6      | Found an opulent altar of Gozag.
  4955 | D:6      | Became a worshipper of Gozag Ym Sagoz the Greedy
  5382 | D:7      | Found a staircase to the Ecumenical Temple.
  5528 | D:7      | Noticed Menkaure
  5535 | D:7      | Mangled by Menkaure

Illustrated notes

Levels and vault maps discovered:
D:1:      shiori_arrival_elements, layout_loops_ring, serial_shops,
          nicolae_square_shop
D:2:      layout_loops_cross
D:3:      layout_rooms, demons_altar, minmay_misc_feat_plants
D:4:      layout_loops_cross, nicolae_ashenzari_panopticon, serial_shops, shop
D:5:      layout_basic, eino_small_chamber_without_monster,
          kennysheep_flooded_box
D:6:      layout_basic, nicolae_gozag_seed_capital,
          mainiacjoe_overflow_small_starburst
D:7:      layout_basic, mainiacjoe_overflow_surrounded_room, zin_scriptorium,
          minmay_temple_entry_statues_pillars, uniq_menkaure

Skill      XL: |  1  2  3  4  5  6  7  8 |
---------------+-------------------------+-----
Spellcasting   | 5 6 |  6.2
Invocations    | 1 2 3 |  3.9
Fighting       | 1 2 3 |  3.5
Short Blades   | 1 2 3 |  3.5
Long Blades    | 1 2 3 |  3.5
Axes           | 1 2 3 |  3.5
Maces & Flails | 1 2 3 |  3.5
Polearms       | 1 2 3 |  3.5
Staves         | 1 2 3 |  3.5
Ranged Weapons | 1 2 3 |  3.5
Throwing       | 1 2 3 |  3.5
Armour         | 1 2 3 |  3.5
Shields        | 1 2 3 |  3.5
Unarmed Combat | 1 2 3 |  3.5
Evocations     | 1 2 3 |  3.5
Conjurations   | 1 2 |  2.9
Hexes          | 1 2 |  2.9
Summonings     | 1 2 |  2.9
Necromancy     | 1 2 |  2.9
Translocations | 1 2 |  2.9
Transmutations | 1 2 |  2.9
Fire Magic     | 1 2 |  2.9
Air Magic      | 1 2 |  2.9
Earth Magic    | 1 2 |  2.9
Poison Magic   | 1 2 |  2.9
Dodging        | 5 |  5.9
Stealth        | 5 |  5.5
Ice Magic      | |  7.7

Action                   |  1- 3 |  4- 6 |  7- 9 || total
-------------------------+-------+-------+-------++-------
Melee: Unarmed           |     7 |       |       ||     7
       Sling             |       |     2 |       ||     2
       Whip              |       |       |    69 ||    69
       Bite              |       |       |     4 ||     4
       Punch             |       |       |     1 ||     1
 Fire: Sling             |    68 |   166 |    65 ||   299
 Cast: Freeze            |    47 |    41 |    34 ||   122
       Frozen Ramparts   |       |     5 |     9 ||    14
       Summon Ice Beast  |       |       |     4 ||     4
       Ozocubu's Armour  |       |       |     1 ||     1
 Stab: Sleeping          |     1 |       |     3 ||     4
       Distracted        |       |       |     1 ||     1
Armor: Robe              |    21 |    19 |    40 ||    80
Dodge: Dodged            |    36 |    31 |    73 ||   140

Table legend: (Time is in decaauts)
 A = Elapsed time spent in this place.
 B = Non-inter-level travel time spent in this place.
 C = Inter-level travel time spent in this place.
 D = Time resting spent in this place.
 E = Time spent auto-exploring this place.
 F = Levels seen in this place.
 G = Mean time per level.
                   A        B        C        D        E       F      G
               +--------+--------+--------+--------+--------+-----+--------+
         Total |   5624 |   5466 |    158 |      0 |   4517 |   7 |  803.4 |
       Dungeon |   5624 |   5466 |    158 |      0 |   4517 |   7 |  803.4 |
               +--------+--------+--------+--------+--------+-----+--------+

Top non-repeatable levels by time:
     D:1: 1143 daAuts
     D:5: 978 daAuts
     D:4: 947 daAuts
     D:3: 857 daAuts
     D:6: 767 daAuts
     D:2: 765 daAuts
     D:7: 165 daAuts
